 Dungeon Crawl Stone Soup version 0.23-a0-316-g6773f7a52e (webtiles) character file.

1033 Fandomethor the Covered (level 8, 0/51 HPs)
             Began as a Gargoyle Fighter on Oct 14, 2018.
             Slain by an ogre
             ... wielding a +0 giant club
              (15 damage)
             ... on level 5 of the Dungeon.
             The game lasted 00:10:24 (3988 turns).

Fandomethor the Covered (Gargoyle Fighter)          Turns: 3988, Time: 00:10:25

Health: 0/51       AC: 17    Str: 21    XL:     8   Next: 24%
Magic:  8/8        EV:  6    Int:  8    God:
Gold:   178        SH: 10    Dex: 11    Spells: 7/7 levels left

rFire    . . .     SeeInvis .   a - +0 flail
rCold    . . .     Gourm    .   c - +0 shield
rNeg     + . .     Faith    .   t - +0 chain mail
rPois    ∞         Spirit   .   u - +0 helmet
rElec    +         Reflect  .   (no cloak)
rCorr    .         Harm     .   (no gloves)
MR       .....                  (no boots)
Stlth    ..........             (no amulet)
HPRegen  0.17/turn              (no ring)
MPRegen  0.11/turn              (no ring)

@: no status effects
A: negative energy resistance 1, electricity resistance, unbreathing,
petrification resistance, rot immunity, AC +5
a: no special abilities


You were on level 5 of the Dungeon.
You were not hungry.

You visited 1 branch of the dungeon, and saw 5 of its levels.

You collected 178 gold pieces.

Inventory:

Hand Weapons
 a - a +0 flail (weapon)
Armour
 c - a +0 shield (worn)
 t - a +0 chain mail (worn)
 u - a +0 helmet (worn)
Jewellery
 y - an uncursed ring of see invisible {unknown}
Scrolls
 g - a scroll of random uselessness {unknown}
 h - 2 scrolls of blinking
 i - a scroll of remove curse {unknown}
 j - 2 scrolls of magic mapping {unknown}
 k - 5 scrolls of identify
 l - a scroll of immolation {unknown}
 m - 2 scrolls of fear {unknown}
 p - a scroll of enchant armour {unknown}
 r - 2 scrolls of amnesia {unknown}
 s - a scroll of teleportation {unknown}
 w - a scroll of enchant weapon {unknown}
 x - a scroll of fog {unknown}
Potions
 b - a potion of degeneration {unknown}
 d - a potion of might
 e - 4 potions of flight {unknown}
 n - a potion of berserk rage {unknown}
 o - a potion of ambrosia {unknown}
 q - a potion of lignification {unknown}
 v - a potion of heal wounds {unknown}
Comestibles
 f - 11 rations
 z - 4 chunks of flesh


   Skills:
 - Level 6.0 Fighting
 + Level 5.0 Maces & Flails
 + Level 6.1 Armour
 + Level 6.0 Shields


You had 7 spell levels left.
You didn't know any spells.
Your spell library was empty.

Dungeon Overview and Level Annotations

Branches:
Dungeon (5/15)
 Temple: D:4-7

Altars:
Ru


Innate Abilities, Weirdness & Mutations

You are resistant to torment.
Your stone body is resilient. (AC +5)
You are immune to poison.
You resist negative energy. (rN+)
You are resistant to electric shocks. (rElec)
You can survive without breathing.
You are immune to petrification.
You are immune to rotting.


Message History

An ogre comes into view. It is wielding a giant club.
The ogre shouts!
You hear a shout!
A gnoll comes into view. It is wielding a spear.
You sock the ogre!
The ogre is heavily wounded.
You block the ogre's attack. The gnoll completely misses you.
The gnoll hits you from afar with a spear.
Some of the chunks of flesh in your inventory have rotted away.
You sock the ogre!
The ogre is almost dead.
The ogre barely misses you. The gnoll hits you but does no damage.
You barely miss the ogre.
The ogre is almost dead.
The ogre hits you with a giant club!
* * * LOW HITPOINT WARNING * * *
You block the gnoll's attack.
Your shield prevents you from hitting the ogre.
The ogre is almost dead.
The ogre hits you with a giant club!
You die...

##...# #...........# ...
##....# #.####.####.# ..
##....## #.#.......# .
##..).## #.#)##.##.#
#.[.### ###.#.#...#.#
)..## #......._.... ##[###
#.#.#.#...#.# ##..##
#.#.#.##.##.# ##..##
#.#.#.@Og...#
##..####.#.####.####.#
##..##..#...........#
##.....######.######
#...............#
#...............# ....
#................#
......#..................
......#...................


You could see an ogre and a gnoll.

Vanquished Creatures
  Eustachio (D:5)
  2 ogres
  2 phantoms (D:4)
  A centaur (D:4)
  2 gnoll shamans (D:5)
  A centaur skeleton (D:4)
  3 iguanas
  3 worker ants (D:4)
  A killer bee zombie (D:4)
  8 gnolls
  3 adders
  A shadow imp (D:4)
  An ooze (D:3)
  3 worms
  A dart slug (D:1)
  3 leopard geckos
  3 orcs (D:2)
  7 giant cockroaches
  4 goblins
  13 hobgoblins
  11 jackals
  11 kobolds
  3 quokkas
  4 ball pythons
  4 bats
  4 frilled lizards
  9 rats
109 creatures vanquished.

Notes
Turn   | Place    | Note
-------+----------+-------------------------------------------
     0 | D:1      | Fandomethor the Gargoyle Fighter began the quest for the
                  | Orb.
     0 | D:1      | Reached XP level 1. HP: 14/14 MP: 1/1
    83 | D:1      | Reached XP level 2. HP: 14/19 MP: 2/2
   171 | D:1      | You fall through a shaft!
   307 | D:2      | Reached XP level 3. HP: 20/23 MP: 3/3
   668 | D:2      | Reached XP level 4. HP: 24/29 MP: 4/4
  1929 | D:3      | Reached XP level 5. HP: 27/33 MP: 5/5
  2352 | D:4      | Noticed a phantom
  2402 | D:4      | Killed a phantom
  2402 | D:4      | Reached XP level 6. HP: 9/39 MP: 6/6
  2565 | D:4      | Noticed a phantom
  2619 | D:4      | Killed a phantom
  2634 | D:4      | Reached skill level 5 in Fighting
  2634 | D:4      | Reached skill level 5 in Armour
  2634 | D:4      | Reached skill level 5 in Shields
  2912 | D:4      | Reached XP level 7. HP: 38/44 MP: 7/7
  3003 | D:5      | Entered Level 5 of the Dungeon
  3222 | D:4      | HP: 2/44 [ogre/giant club (7)]
  3700 | D:5      | Found a sacrificial altar of Ru.
  3813 | D:5      | Noticed Eustachio
  3852 | D:5      | Reached XP level 8. HP: 25/51 MP: 8/8
  3885 | D:5      | Killed Eustachio
  3953 | D:5      | Reached skill level 5 in Maces & Flails
  3988 | D:5      | Slain by an ogre

Vault maps used:
D:1:      lightli_arrival_flooded_house
D:2:      first_ration
D:4:      minmay_vboxes
D:5:      lemuel_castle_with_subvaults, nicolae_ru_sacrificial_ziggurat,
          ebering_ghost_sewer_f, serial_shops, shop, grunt_dithmenos_shadows,
          uniq_grinder, uniq_eustachio

Skill      XL: |  1  2  3  4  5  6  7  8 |
---------------+-------------------------+-----
Fighting       | 4 5 6 |  6.0
Armour         | 4 5 6 |  6.1
Shields        | 4 5 6 |  6.0
Maces & Flails | 3 4 5 |  5.0

Action                   |  1- 3 |  4- 6 |  7- 9 || total
-------------------------+-------+-------+-------++-------
Melee: Flail             |   145 |   226 |   160 ||   531
  Use: Scroll            |       |     1 |       ||     1
  Eat: Chunk             |       |     6 |     5 ||    11
Armor: Scale mail        |    55 |    59 |       ||   114
       Chain mail        |       |    55 |   101 ||   156
Dodge: Dodged            |    45 |    61 |    40 ||   146
Block: Shield            |    83 |   113 |   104 ||   300

Table legend:
 A = Non-vault XP
 B = Vault XP
 C = Vault XP percentage of total XP
 D = Non-vault monster count
 E = Vault monster count
 F = Vault count percentage of total count
                 A         B        C        D         E       F
            +---------+---------+-------+---------+---------+-------
      Total |    1141 |     336 |  22.7 |      98 |      11 |  10.1
            +---------+---------+-------+---------+---------+-------
        D:1 |      43 |       0 |   0.0 |      27 |       0 |   0.0
        D:2 |      89 |       0 |   0.0 |      29 |       0 |   0.0
        D:3 |      56 |       0 |   0.0 |      21 |       0 |   0.0
        D:4 |     767 |       2 |   0.3 |      17 |       1 |   5.6
        D:5 |     186 |     334 |  64.2 |       4 |      10 |  71.4
            +---------+---------+-------+---------+---------+-------
